Map: Abyssal Reef LE

Players

Snute - Winner!

  • Race: Zerg Zerg
  • Spawn Location: 11:00

Lambo

  • Race: Zerg Zerg
  • Spawn Location: 5:00

Event: WCS Montreal 2017

VOD

Have the link to the VOD?

Description

Time

  • Played on: Sept. 8, 2017, 3:30 p.m.
  • Length: 7:34

All games in this series

Show
View Real Time Build Order
Export as new Build Order

Snute Zerg - Winner!

Build Orders: Pool First 

Get SALT Encoding   

  12  0:00  Drone  
  13  0:12  Overlord  
  13  0:17  Drone  
  14  0:30  Drone x2  
  14  0:34  Drone  
  17  0:37  Extractor  
  16  0:45  Drone  
  17  0:50  Spawning Pool  
  17  0:55  Drone  
  17  1:17  Hatchery  
  16  1:20  Drone  
  17  1:36  Queen  
  17  1:39  Metabolic Boost  
  19  1:43  Zergling x2  
  19  1:46  Zergling x2  
  21  1:49  Zergling x2  
  22  1:58  Extractor, Zergling x2  
  23  2:12  Overlord  
  23  2:27  Hatchery  
  23  2:31  Zergling x2  
  23  2:32  Zergling x2  
  25  2:40  Drone  
  26  2:45  Drone  
  26  2:46  Drone x2  
  29  2:56  Hatchery  
  28  3:02  Overlord  
  28  3:05  Drone  
  29  3:12  Baneling Nest  
  28  3:16  Drone  
  29  3:23  Drone x2  
  29  3:25  Drone  
  30  3:36  Drone  
  30  3:40  Drone  
  33  3:45  Drone  
  34  3:53  Roach Warren  
  34  3:54  Drone  
  34  3:56  Drone x3  
  34  3:58  Queen  
  39  4:03  Overlord  
  39  4:10  Queen  
  40  4:20  Overlord  
  39  4:34  Roach x6  
  55  4:38  Roach x2  
  55  4:41  Roach  
  55  4:44  Overlord  
  57  4:47  Roach  
  57  4:51  Roach  
  61  4:53  Roach  
  61  4:56  Roach  
  61  4:59  Overlord  
  65  5:04  Zergling x4  
  65  5:05  Zergling x2  
  68  5:08  Roach  
  68  5:13  Roach  
  72  5:15  Overlord  
  72  5:23  Zergling x8  
  72  5:24  Zergling x2  
  72  5:27  Zergling x2  
  72  5:28  Zergling x2  
  79  5:31  Overlord  
  79  5:33  Zergling x2  
  79  5:35  Zergling x2  
  81  5:44  Overlord  
  81  5:52  Zergling x6  
  81  5:53  Zergling x8  
  84  6:03  Zergling x2  
  84  6:04  Zergling x10  
  80  6:08  Zergling x4  
  71  6:11  Zergling x2  
  71  6:12  Zergling x2  
  71  6:18  Zergling x6  
  66  6:24  Zergling x8  
  70  6:30  Ravager  
  70  6:31  Ravager  
  73  6:32  Ravager  
  73  6:33  Zergling x2  
  73  6:34  Zergling x4  
  73  6:37  Zergling x2  
  77  6:40  Zergling x2  
  77  6:41  Zergling x2  
  77  6:44  Extractor  
  78  6:52  Zergling x4  
  78  6:53  Zergling x2  
  81  6:57  Zergling x10  
  81  7:14  Zergling x2  
  81  7:15  Zergling x16  
  73  7:26  Ravager  
Show
View Real Time Build Order
Export as new Build Order

Lambo Zerg 

Build Orders: Pool First 

Get SALT Encoding   

  12  0:17  Spawning Pool  
  11  0:22  Drone  
  11  0:26  Drone  
  13  0:31  Drone  
  14  0:41  Overlord  
  14  1:04  Zergling x4  
  14  1:05  Zergling x2  
  17  1:16  Zergling x2  
  18  1:20  Hatchery  
  17  1:28  Zergling x2  
  18  1:34  Queen  
  18  1:39  Zergling x2  
  21  1:49  Overlord  
  21  1:58  Drone  
  22  2:12  Drone  
  23  2:21  Queen, Drone  
  24  2:32  Queen  
  26  2:37  Spine Crawler  
  26  2:38  Drone x2  
  26  2:43  Drone  
  28  2:50  Drone  
  29  2:56  Drone x2  
  31  3:03  Drone  
  32  3:07  Overlord  
  32  3:12  Drone x3  
  36  3:27  Drone x4  
  36  3:28  Extractor  
  36  3:32  Drone  
  40  3:35  Extractor  
  40  3:38  Drone x2  
  41  3:43  Drone  
  41  3:44  Drone x2  
  44  3:54  Overlord  
  44  4:00  Drone, Roach Warren  
  44  4:01  Evolution Chamber  
  44  4:02  Drone  
  44  4:13  Drone x2  
  44  4:14  Drone x2  
  48  4:28  Hatchery  
  48  4:29  Drone x3  
  50  4:32  Overlord  
  50  4:33  Extractor, Metabolic Boost  
  50  4:35  Overlord  
  49  4:41  Overlord  
  49  4:44  Drone x2  
  49  4:45  Drone  
  52  4:50  Overlord  
  52  5:05  Overlord  
  52  5:09  Roach  
  52  5:10  Roach x4  
  62  5:15  Roach x4  
  70  5:22  Roach  
  70  5:25  Roach x3  
  78  5:29  Zerg Missile Weapons Level 1  
  78  5:32  Roach  
  80  5:37  Zergling x2  
  80  5:39  Ravager  
  80  5:42  Queen  
  83  5:43  Zergling x8  
  83  5:47  Zergling x2  
  86  5:53  Zergling x6  
  86  5:54  Zergling x4  
  86  5:59  Zergling x2  
  86  6:02  Zergling x4  
  80  6:08  Zergling x6  
  80  6:10  Ravager  
  74  6:12  Zergling x4  
  74  6:13  Queen  
  71  6:19  Roach  
  71  6:20  Ravager  
  71  6:24  Queen, Drone x4  
  79  6:27  Roach  
  79  6:28  Ravager  
  79  6:30  Roach  
  84  6:33  Roach  
  84  6:35  Drone  
  84  6:37  Lair  
  84  6:38  Drone  
  88  6:41  Drone  
  88  6:42  Drone  
  88  6:45  Extractor  
  88  6:46  Overlord  
  89  6:48  Drone  
  89  6:52  Drone x2  
  89  6:53  Drone x2  
  94  6:55  Roach  
  96  7:04  Overlord  
  92  7:11  Overlord  
  92  7:14  Roach x4  
  83  7:15  Ravager  
Tags
 
Add a new tag
Caveats
  • Supply blocks, unpowered buildings, or Contaminate may cause inaccurate times.
  • Supply counts are checked every 10 seconds.